cohdb
Replays
Latest Replays
All Replays
Popular Replays
Top Player Replays
Match Explorer
How It Works
Community
CoH3 Stats
Reddit
Sign in to upload your games and track your stats! →
Sign in with Steam
Match 45830803
Unlisted
Match 45830803
Overview
Messages
Build Orders
End
Construct Section Command Post
Vickers Machine Gun Team
Selects Heavy Armor Battlegroup
Infantry Section
Infantry Section
ML 3-inch Mortar Team
Construct Platoon Command Post
Selects Rigorous Vehicle Training
Selects Forward Repair Assembly
Selects UNKNOWN (2162094)
Unlock M3 Stuart Light Tanks
M3 Stuart Light Tank
M3 Stuart Light Tank
Construct Company Command Post
Selects Light Vehicle Withdraw and Refit
Selects Radio Net
Selects Recon Artillery
Recon Artillery
Crusader II Medium Tank
Crusader II Medium Tank
Foot Guards Section
Foot Guards Section
Foot Guards Section
Crusader II Medium Tank
Recon Artillery
Crusader II Medium Tank
Crusader II Medium Tank
Recon Artillery
Infantry Training
6-pounder Anti-tank Gun Team
6-pounder Anti-tank Gun Team
Recon Artillery
Vin Throttle
HARPER
Korbut
Bill
Liberator4515
DNS IP from your ISP
0
0
Comments
sign in to comment!
No comments posted yet!